 Dungeon Crawl Stone Soup version 0.20.1-1-g8b1a95d (webtiles) character file.

102 jmlagarto the Skirmisher (level 4, -1/41 HPs)
             Began as a Hill Orc Fighter on Aug 6, 2017.
             Slain by Grinder (5 damage)
             ... while paralysed by Grinder
             ... on level 3 of the Dungeon.
             The game lasted 00:07:12 (2274 turns).

jmlagarto the Skirmisher (Hill Orc Fighter)         Turns: 2274, Time: 00:07:13

Health: -1/41      AC:  8    Str: 24    XL:     4   Next: 78%
Magic:  4/4        EV:  2    Int:  8    God:
Gold:   206        SH:  0    Dex: 10    Spells: 3/3 levels left

rFire    . . .     SeeInvis .   a - +0 war axe
rCold    . . .     Gourm    .   c - +0 shield
rNeg     . . .     Faith    +   b - +0 scale mail
rPois    .         Spirit   .   (no helmet)
rElec    .         Reflect  .   x - +0 cloak
rCorr    .         Harm     .   (no gloves)
MR       .....                  (no boots)
Stlth    ..........             j - amulet of faith
Regen    0.2/turn               (no ring)
MPRegen  0.1/turn               (no ring)

@: paralysed, mighty
A: no striking features
a: no special abilities


You were on level 3 of the Dungeon.
You were hungry.

You visited 1 branch of the dungeon, and saw 3 of its levels.

You collected 206 gold pieces.

Inventory:

Hand Weapons
 a - a +0 war axe (weapon)
 h - a +0 club
 k - a +0 short sword
 o - a +0 club
 p - a +0 club
 q - a +0 dagger
 r - a +0 club
 u - a +0 dagger
 v - a +2 short sword of venom
 E - a +0 mace
 F - a +0 short sword
 G - a +0 trident
 J - a cursed -1 blowgun
 K - a +0 whip
 L - a +0 dagger
 N - a cursed -3 hand axe
Missiles
 g - 186 stones (quivered)
 i - 53 arrows
 l - 66 sling bullets
 m - 4 needles of sleeping
 y - 36 bolts
 D - 36 poisoned needles
 I - 4 curare-tipped needles
Armour
 b - a +0 scale mail (worn)
 c - a +0 shield (worn)
 x - a +0 cloak (worn)
 H - a +0 ring mail
Jewellery
 j - an amulet of faith (around neck)
Scrolls
 s - 2 scrolls of identify {unknown}
 w - a scroll of recharging {unknown}
 A - 3 scrolls of teleportation {unknown}
 M - a scroll of remove curse {unknown}
 O - a scroll of magic mapping {unknown}
Potions
 e - a potion of cancellation {unknown}
 n - 2 potions of lignification {unknown}
 t - a potion of ambrosia {unknown}
 z - a potion of curing {unknown}
 B - a potion of haste {unknown}
 C - a potion of berserk rage {unknown}
 P - a potion of experience {unknown}
 Q - 2 potions of degeneration {unknown}
Comestibles
 f - 2 bread rations


   Skills:
 + Level 4.3 Fighting
 + Level 4.3 Axes
 + Level 4.0 Armour
 + Level 0.1 Stealth
 + Level 3.9 Shields


You had 3 spell levels left.
You didn't know any spells.

Dungeon Overview and Level Annotations

Branches:
Dungeon (3/15)

Altars:
Gozag

Annotations:
D:3 Grinder


Message History

Grinder is lightly wounded.
Grinder hits you but does no damage. Grinder hits you.
You writhe in agony.
You slash Grinder!
Grinder is moderately wounded.
Grinder hits you.
You feel very mighty all of a sudden. Grinder gestures at you.
You resist with significant effort.
You hit Grinder.
Grinder is heavily wounded.
Grinder hits you!
* * * LOW HITPOINT WARNING * * *
You writhe in agony.
* * * LOW HITPOINT WARNING * * *
You closely miss Grinder.
Grinder is heavily wounded.
Grinder gestures at you.
You suddenly lose the ability to move!
Grinder hits you but does no damage. Grinder hits you.
You die...

## .#########
.........#
.#######.# ##
#.#
#.############
#........@5..#
############.#
###


You could see Grinder.

Vanquished Creatures
  An adder (D:3)
  3 oozes (D:1)
  An adder skeleton (D:3)
  A dart slug (D:3)
  3 leopard geckos (D:1)
  11 orcs (D:3)
  4 giant cockroaches
  8 hobgoblins
  2 jackals (D:3)
  3 bats
  A frilled lizard (D:3)
  6 goblins
  9 kobolds
  6 rats
59 creatures vanquished.

Notes
Turn   | Place    | Note
-------+----------+-------------------------------------------
     0 | D:1      | jmlagarto the Hill Orc Fighter began the quest for the Orb.
     0 | D:1      | Reached XP level 1. HP: 19/19 MP: 1/1
    87 | D:1      | Reached XP level 2. HP: 27/27 MP: 2/2
   412 | D:1      | Reached XP level 3. HP: 33/33 MP: 3/3
  1526 | D:3      | Found an opulent altar of Gozag.
  1594 | D:3      | Reached XP level 4. HP: 37/40 MP: 4/4
  2045 | D:3      | Found an opulent altar of Gozag.
  2257 | D:3      | Noticed Grinder
  2261 | D:3      | Paralysed by Grinder for 2 turns
  2273 | D:3      | Paralysed by Grinder for 4 turns
  2274 | D:3      | Slain by Grinder

Skill      XL: |  1  2  3  4 |
---------------+-------------+-----
Fighting       | 4 |  4.3
Axes           | 3 4 |  4.3
Armour         | 4 |  4.0
Stealth        | |  0.1
Shields        | |  3.9

Action                   |  1- 3 |  4- 6 || total
-------------------------+-------+-------++-------
Melee: War axe           |    95 |    86 ||   181
  Use: Potion            |       |     1 ||     1
  Eat: Chunk             |     2 |     2 ||     4
Armor: Scale mail        |    52 |    36 ||    88
Dodge: Dodged            |    28 |    24 ||    52
Block: Shield            |    48 |    39 ||    87
